 Dungeon Crawl Stone Soup version 0.29.0-4-gdea44cf6ec (webtiles) character file.

Game seed: 35400085201303460

161 qw the Chopper (level 5, 0/30 HPs)
             Began as a Tengu Warper on Aug 28, 2022.
             Slain by an ogre
             ... wielding a +0 giant club
              (6 damage)
             ... on level 5 of the Dungeon.
             The game lasted 00:00:14 (2512 turns).

qw the Chopper (Tengu Warper)                       Turns: 2512, Time: 00:00:14

Health: 0/30       AC:  6    Str: 14    XL:     5   Next: 42%
Magic:  9/9        EV: 11    Int: 13    God:
Gold:   211        SH:  0    Dex: 13    Spells: 8/8 levels left

rFire   . . .      SeeInvis .   Y - +0 hand axe
rCold   . . .      Faith    .   (no shield)
rNeg    . . .      Spirit   .   i - +0 scale mail
rPois   .          Reflect  .   (helmet restricted)
rElec   .          Harm     .   (no cloak)
rCorr   .          Rampage  .   (no gloves)
Will    .....                   (boots unavailable)
Stlth   ..........              (no amulet)
HPRegen 0.10/turn               (no ring)
MPRegen 0.11/turn               (no ring)

@: flying quickly and evasively, quick
A: beak, talons 3, nimble flight
a: no special abilities


You were on level 5 of the Dungeon.
You visited 1 branch of the dungeon, and saw 4 of its levels.

You collected 211 gold pieces.


Innate Abilities, Weirdness & Mutations

You have a beak for a mouth.
You have claws for feet.
Your magical nature lets you fly swiftly and evasively.


   Skills:
 - Level 2.0 Fighting
 + Level 6.0 Axes
 - Level 1.0 Throwing
 - Level 1.1 Armour
 - Level 2.1 Dodging
 - Level 2.0 Spellcasting
 - Level 2.4 Translocations


You had 8 spell levels left.
You didn't know any spells.
Your spell library contained the following spells:

 Spells                   Type           Power      Damage    Failure   Level
 Blink                    Tloc           14%        N/A       54%         2
 Gell's Gravitas          Tloc           7%         N/A       77%         3
 Lesser Beckoning         Tloc           7%         N/A       77%         3
 Teleport Other           Tloc           7%         N/A       77%         3
 Manifold Assault         Tloc           7%         N/A       100%        5

Inventory:

Hand Weapons
 h - a +0 whip
 Y - a +0 hand axe (weapon)
Missiles
 a - 4 boomerangs (quivered)
Armour
 c - a +0 chain mail
 i - a +0 scale mail (worn)
Scrolls
 b - 2 scrolls of vulnerability {unknown}
 e - a scroll of identify
Potions
 d - a potion of lignification {unknown}
 k - a potion of ambrosia {unknown}

Dungeon Overview and Level Annotations

Branches:
Dungeon (3/15)

Altars:
Uskayaw


Message History

You feel sick.
The adder bites you but does no damage. x3; The adder bites you.
You are more poisoned.
The adder poisons you!
You closely miss the adder.
The adder is heavily wounded.
You barely miss the adder. You miss the adder.
You feel very sick. The adder completely misses you. The adder bites you.
The adder bites you but does no damage.
You hit the adder. You claw the adder.
You kill the adder!
You barely miss the adder. You hit the adder.
You feel sick. The adder bites you. The adder misses you.
The adder barely misses you.
You barely miss the adder. Your kick misses the adder.
Your peck misses the adder.
The adder is almost dead.
You hit the adder.
You feel sick. The adder misses you. The adder bites you but does no damage.
You hit the adder.
You kill the adder!
You hit the adder.
You feel sick. The adder barely misses you.
You hit the adder.
You kill the adder!
You closely miss the ogre.
You feel sick. The ogre closely misses you.
Your Axes skill increases to level 6!
You hit the ogre. Your kick misses the ogre.
The ogre is lightly wounded.
You feel sick.
You hit the ogre.
The ogre is lightly wounded.
You feel sick. The ogre closely misses you.
You hit the ogre but do no damage.
The ogre is lightly wounded.
You feel sick.
You are no longer poisoned.
The ogre hits you with a +0 giant club.
You die...

### ## # #.#
#.# #.## ...
.... ....# #.#
#>#.#
..............
......#.#.#.#.#
#..............
#.....#%#.#.#.#
# #.@O......
##. ###.#.#.#.#
##..####...###
.....#....>#
..^.....%##
##......###
##.......# ..
#.#.....#
#.####.#.#<..#


You could see an ogre.

Vanquished Creatures
  A jelly (D:3)
  A hound (D:2)
  4 adders
  4 worms
  2 dart slugs (D:1)
  An orc (D:5)
  3 bats
  5 endoplasms
  5 giant cockroaches
  5 goblins
  4 hobgoblins (D:1)
  2 jackals (D:2)
  3 quokkas
  4 ball pythons
  4 frilled lizards
  A kobold (D:1)
  3 rats
52 creatures vanquished.

Notes
Turn   | Place    | Note
-------+----------+-------------------------------------------
     0 | D:1      | qw the Tengu Warper began the quest for the Orb.
     0 | D:1      | Reached XP level 1. HP: 12/12 MP: 4/4
     0 | D:1      | 0 ||| qw: Version: 0.1-a-89-g26bdef1
     0 | D:1      | 0 ||| qw: Game counter: 1945
     0 | D:1      | 0 ||| qw: Always use a shield: true
     0 | D:1      | 0 ||| qw: God list: Okawaru
     0 | D:1      | 0 ||| qw: Allow faded altars: false
     0 | D:1      | 0 ||| qw: Do Orc after D:15 true
     0 | D:1      | 0 ||| qw: Do second Lair branch before Depths: true
     0 | D:1      | 0 ||| qw: Lair rune preference: random
     0 | D:1      | 0 ||| qw: Plans: Normal
     0 | D:1      | 0 ||| PLANNING D:1-11
    56 | D:1      | Found a faded altar of an unknown god.
   146 | D:1      | 146 ||| Stepping ~*~*~tactically~*~*~ (hiding).
   251 | D:1      | Reached skill level 3 in Axes
   251 | D:1      | Reached XP level 2. HP: 14/17 MP: 6/6
  1084 | D:1      | 1084 ||| UPGRADING to +0 scale mail.
  1094 | D:1      | 1094 ||| DROPPING +0 leather armour.
  1095 | D:1      | 1095 ||| READING scroll labelled ESSIOD UKOFADE.
  1096 | D:1      | 1096 ||| READING 4 scrolls labelled XECAON XAPI.
  1097 | D:1      | 1097 ||| READING scroll labelled EMNERO YBBOCVI.
  1098 | D:1      | 1098 ||| READING 3 scrolls of identify.
  1098 | D:1      | 1098 ||| IDENTIFYING pink potion
  1099 | D:1      | 1099 ||| READING 2 scrolls of identify.
  1099 | D:1      | 1099 ||| IDENTIFYING bubbling orange potion
  1100 | D:1      | 1100 ||| DROPPING scroll of blinking.
  1101 | D:1      | 1101 ||| DROPPING potion of flight.
  1102 | D:1      | 1102 ||| DROPPING potion of invisibility.
  1197 | D:2      | Reached XP level 3. HP: 21/21 MP: 7/7
  1197 | D:2      | 1197 ||| Stepping ~*~*~tactically~*~*~ (stealth).
  1357 | D:2      | Reached skill level 4 in Axes
  1440 | D:2      | 1440 ||| Stepping ~*~*~tactically~*~*~ (stealth).
  1634 | D:2      | Reached XP level 4. HP: 16/26 MP: 8/8
  1941 | D:2      | Reached skill level 5 in Axes
  1985 | D:2      | 1985 ||| READING scroll labelled BEMEM IMUCWO.
  1986 | D:2      | 1986 ||| READING scroll labelled FUFE QEROE.
  2122 | D:3      | 2122 ||| Stepping ~*~*~tactically~*~*~ (stealth).
  2125 | D:3      | Gained mutation: Your magical nature lets you fly swiftly
                  | and evasively. [Tengu growth]
  2125 | D:3      | Reached XP level 5. HP: 30/30 MP: 9/9
  2248 | D:3      | 2248 ||| Stepping ~*~*~tactically~*~*~ (stealth).
  2262 | D:3      | 2262 ||| Stepping ~*~*~tactically~*~*~ (stealth).
  2306 | D:3      | 2306 ||| FLEEEEING.
  2307 | D:3      | 2307 ||| FLEEEEING.
  2308 | D:3      | 2308 ||| FLEEEEING.
  2309 | D:3      | 2309 ||| FLEEEEING.
  2315 | D:3      | 2315 ||| FLEEEEING.
  2316 | D:3      | 2316 ||| FLEEEEING.
  2317 | D:3      | 2317 ||| FLEEEEING.
  2318 | D:3      | 2318 ||| FLEEEEING.
  2419 | D:3      | Found a hide-covered altar of Uskayaw.
  2422 | D:3      | You are sucked into a shaft and drop 2 floors!
  2422 | D:5      | Entered Level 5 of the Dungeon
  2482 | D:5      | 2482 ||| Stepping ~*~*~tactically~*~*~ (stealth).
  2497 | D:5      | 2497 ||| Stepping ~*~*~tactically~*~*~ (stealth).
  2497 | D:5      | Noticed an ogre
  2498 | D:5      | 2498 ||| Stepping ~*~*~tactically~*~*~ (stealth).
  2499 | D:5      | 2499 ||| Stepping ~*~*~tactically~*~*~ (stealth).
  2510 | D:5      | Reached skill level 6 in Axes
  2510 | D:5      | HP: 7/30 [poisoned by an adder]
  2512 | D:5      | Slain by an ogre

Levels and vault maps discovered:
D:1:      psy_arrival_basics, layout_basic, shapermc_ecumenical_altar_venn
D:2:      layout_basic
D:3:      layout_basic, dancing_weapons_uskayaw, makhleb_altar_promises_db,
          roderic_batcave
D:5:      layout_cave_pools, serial_gnoll_camp, gnoll_camp_mini_loothouse,
          gnoll_camp_mini_hut, gnoll_camp_mini_doghouse, gnoll_camp_medium_01,
          gnoll_camp_medium_02, st_stairs_9, uniq_crazy_yiuf_cottage

Skill      XL: |  1  2  3  4  5 |
---------------+----------------+-----
Axes           | 3 4 5 6 |  6.0
Fighting       | |  2.0
Throwing       | |  1.0
Armour         | |  1.1
Dodging        | |  2.1
Spellcasting   | |  2.0
Translocations | |  2.4

Action                   |  1- 3 |  4- 6 || total
-------------------------+-------+-------++-------
Melee: Hand axe          |    62 |    63 ||   125
       Kick              |    21 |    19 ||    40
       Peck              |     6 |    10 ||    16
Throw: Boomerang         |    17 |    19 ||    36
  Use: Scroll            |     5 |     2 ||     7
Armor: Leather armour    |     4 |       ||     4
       Scale mail        |    10 |    23 ||    33
Dodge: Dodged            |    27 |    26 ||    53

Table legend:
 A = Non-vault XP
 B = Vault XP
 C = Vault XP percentage of total XP
 D = Non-vault monster count
 E = Vault monster count
 F = Vault count percentage of total count
                 A         B        C        D         E       F
            +---------+---------+-------+---------+---------+-------
      Total |     203 |      28 |  12.1 |      49 |       3 |   5.8
            +---------+---------+-------+---------+---------+-------
        D:1 |      30 |       0 |   0.0 |      14 |       0 |   0.0
        D:2 |      88 |       0 |   0.0 |      19 |       0 |   0.0
        D:3 |      69 |       0 |   0.0 |      14 |       0 |   0.0
        D:5 |      16 |      28 |  63.6 |       2 |       3 |  60.0
            +---------+---------+-------+---------+---------+-------
